 Dungeon Crawl Stone Soup version 0.28.0-45-g0d030f2227 (webtiles) character file.

Game seed: 104534861690631835

119 thiscave3701365 the Chopper (level 4, -2/37 (40) HPs)
             Began as a Minotaur Berserker on Apr 20, 2022.
             Was a Believer of Trog.
             Slain by a gnoll
             ... wielding a +0 flail
              (11 damage)
             ... on level 3 of the Dungeon.
             The game lasted 00:01:52 (2001 turns).

thiscave3701365 the Chopper (Minotaur Berserker)    Turns: 2001, Time: 00:01:54

HP:   -2/37 (40)    AC:  9    Str: 23    XL:     4   Next: 74%
MP:   3/3           EV:  8    Int:  4    God:    Trog [**....]
Gold: 78            SH:  0    Dex: 10    Spells: 3/3 levels left

rFire   . . .      SeeInvis .   f - +0 war axe
rCold   . . .      Faith    .   (no shield)
rNeg    . . .      Spirit   .   e - +0 chain mail
rPois   .          Reflect  .   (helmet restricted)
rElec   .          Harm     .   (no cloak)
rCorr   .          Rampage  .   (no gloves)
Will    .....                   (no boots)
Stlth   ..........              (no amulet)
HPRegen 0.12/turn               (no ring)
MPRegen 0.08/turn               (no ring)

@: on berserk cooldown, slowed, drained, very slow
A: horns 2, retaliatory headbutt
a: Renounce Religion, Berserk, Trog's Hand


You were on level 3 of the Dungeon.
You worshipped Trog.
Trog was pleased with you.
You visited 1 branch of the dungeon, and saw 3 of its levels.

You collected 78 gold pieces.

Inventory:

Hand Weapons
 a - a +0 hand axe
 f - a +0 war axe (weapon)
Armour
 b - a +0 animal skin
 e - a +0 chain mail (worn)
Scrolls
 c - a scroll of fog {unknown}
 d - a scroll of vulnerability {unknown}
 h - 2 scrolls of identify {unknown}
 n - a scroll of amnesia {unknown}
 o - 3 scrolls of silence {unknown}
Potions
 g - 2 potions of attraction {unknown}
 i - a potion of cancellation {unknown}
 j - a potion of berserk rage {unknown}
 k - a potion of magic {unknown}
 l - a potion of flight {unknown}
 m - a potion of heal wounds {unknown}


   Skills:
 - Level 3.9 Fighting
 + Level 6.2 Axes
 - Level 2.7 Armour
 - Level 2.5 Dodging


You had 3 spell levels left.
You didn't know any spells.
Your spell library was empty.

Dungeon Overview and Level Annotations

Branches:
Dungeon (3/15)

Altars:
Okawaru


Innate Abilities, Weirdness & Mutations

You have a pair of horns on your head.
You reflexively headbutt those who attack you in melee.


Message History

The bullfrog skeleton barely misses you.
The gnoll hits you but does no damage.
The bullfrog skeleton barely misses you.
The gnoll hits you with a +0 flail. The gnoll hits you with a +0 whip.
The gnoll hits you but does no damage.
The gnoll hits you with a +2 flail of draining.
You feel drained.
The bullfrog skeleton hits you but does no damage.
The gnoll hits you but does no damage.
You are too injured to fight recklessly!
You are too injured to fight recklessly!
Okay, then.
You slash the gnoll!
The gnoll is severely wounded.
You closely miss the gnoll. You hit the gnoll but do no damage.
You hit the gnoll. You hit the bullfrog skeleton.
The gnoll hits you but does no damage.
The bullfrog skeleton hits you but does no damage.
The gnoll hits you but does no damage. x2; You feel drained.
The gnoll barely misses you. You furiously retaliate!
You headbutt the gnoll, but do no damage.
The gnoll hits you but does no damage. The bullfrog skeleton hits you.
The gnoll closely misses you. You furiously retaliate!
You headbutt the gnoll, but do no damage.
The gnoll hits you with a +2 flail of draining.
* * * LOW HITPOINT WARNING * * *
You feel drained.
You hit the gnoll.
The gnoll is lightly wounded.
You slash the gnoll!
You kill the gnoll!
Trog accepts your kill.
You hit the gnoll. You hit the bullfrog skeleton. You closely miss the gnoll.
The bullfrog skeleton hits you but does no damage.
The gnoll hits you but does no damage. The gnoll barely misses you.
The gnoll closely misses you. You furiously retaliate!
You headbutt the gnoll.
The bullfrog skeleton barely misses you.
You furiously retaliate!
You headbutt the bullfrog skeleton. The gnoll hits you with a +0 flail!
You die...

#.#.####....#####
#.#.......#...>..
#.######....#####
#.# #.#.## #.#
#.#.# ##.# #.#.#
#..g.# #.#.#
##.#####g## #.#.#
......Z@g.#####.#.#
##.###.g).........#
##.........#
.......########
########


You could see 3 gnolls and a bullfrog skeleton.

Vanquished Creatures
  Jessica (D:2)
  3 adders
  A gnoll (D:3)
  A worm (D:2)
  3 dart slugs
  2 orcs (D:3)
  5 bats
  7 endoplasms
  A giant cockroach (D:1)
  9 goblins
  7 hobgoblins
  2 kobolds
  A quokka (D:1)
  4 ball pythons
  3 frilled lizards
  4 rats (D:1)
54 creatures vanquished.

Notes
Turn   | Place    | Note
-------+----------+-------------------------------------------
     0 | D:1      | thiscave3701365 the Minotaur Berserker began the quest for
                  | the Orb.
     0 | D:1      | Reached XP level 1. HP: 19/19 MP: 0/0
   308 | D:1      | Found a faded altar of an unknown god.
   343 | D:1      | Reached XP level 2. HP: 27/27 MP: 1/1
   454 | D:1      | Reached skill level 4 in Axes
   637 | D:1      | Reached ** piety under Trog
   871 | D:1      | Reached XP level 3. HP: 33/33 MP: 2/2
  1341 | D:2      | Reached skill level 5 in Axes
  1363 | D:2      | Noticed Jessica
  1367 | D:2      | Killed Jessica
  1368 | D:2      | Reached XP level 4. HP: 40/40 MP: 3/3
  1747 | D:3      | Reached skill level 6 in Axes
  1895 | D:3      | Found an iron altar of Okawaru.
  2001 | D:3      | Slain by a gnoll

Illustrated notes

Levels and vault maps discovered:
D:1:      dpeg_arrival_boxes_within_box, layout_loops_ring,
          ebering_ecumenical_altar_petrified
D:2:      layout_rooms, uniq_jessica
D:3:      layout_loops_ring, okawaru_metal_pillars_3, serial_park_tiny_pond,
          chequers_serial_rivers_small_b, st_stairs_7

Skill      XL: |  1  2  3  4 |
---------------+-------------+-----
Axes           | 4 5 6 |  6.2
Fighting       | |  3.9
Armour         | |  2.7
Dodging        | |  2.5

Action                   |  1- 3 |  4- 6 || total
-------------------------+-------+-------++-------
Melee: Hand axe          |    48 |       ||    48
       Headbutt          |     9 |     4 ||    13
       War axe           |    12 |    38 ||    50
       Punch             |       |     1 ||     1
Invok: Berserk           |       |     3 ||     3
Armor: Animal skin       |     7 |       ||     7
       Chain mail        |    10 |    32 ||    42
Dodge: Dodged            |    35 |    26 ||    61
